 Dungeon Crawl Stone Soup version 0.28.0-45-g0d030f2227 (webtiles) character file.

Game seed: 15696905980878766202

106 zeratav the Insei (level 4, 0/29 HPs)
             Began as an Octopode Transmuter on Apr 9, 2022.
             Slain by Ijyb
             ... wielding a +0 club
              (3 damage)
             ... on level 3 of the Dungeon.
             The game lasted 00:03:18 (2770 turns).

zeratav the Insei (Octopode Transmuter)             Turns: 2770, Time: 00:03:18

Health: 0/29       AC:  1    Str:  9    XL:     4   Next: 84%
Magic:  0/7        EV: 13    Int: 15    God:
Gold:   90         SH:  0    Dex: 14    Spells: 3/7 levels left

rFire   . . .      SeeInvis .     - Unarmed
rCold   . . .      Faith    .   (no shield)
rNeg    . . .      Spirit   +   (helmet restricted)
rPois   .          Reflect  .   h - amulet of guardian spirit
rElec   .          Harm     .   (no ring)
rCorr   .          Rampage  .   (no ring)
Will    .....                   (no ring)
Stlth   +++.......              (no ring)
HPRegen 0.09/turn               (no ring)
MPRegen 0.10/turn               (no ring)
                                (no ring)
                                (no ring)

@: no status effects
A: almost no armour, amphibious, 8 rings, camouflage 1, gelatinous body 1,
(nimble swimmer 1), tentacles
a: no special abilities


You were on level 3 of the Dungeon.
You visited 1 branch of the dungeon, and saw 3 of its levels.

You collected 90 gold pieces.


Innate Abilities, Weirdness & Mutations

You cannot wear most types of armour.
You are amphibious.
You can wear up to eight rings at the same time.
Your skin changes colour to match your surroundings (Stealth+).
Your rubbery body absorbs attacks. (AC +1, EV +1)
((You are camouflaged when in or above water. (Stealth+)))
You have tentacles for arms and can constrict up to eight enemies at once.


   Skills:
 + Level 2.1 Fighting
 + Level 2.8 Dodging
 + Level 2.4 Stealth
 * Level 4.1 Unarmed Combat
 - Level 2.0 Spellcasting
 - Level 2.0 Transmutations


You had 3 spell levels left.
You knew the following spells:

 Your Spells              Type           Power      Damage    Failure   Level
a - Beastly Appendage     Tmut           14%        N/A       10%         1
b - Spider Form           Tmut/Pois      4%         N/A       41%         3

Your spell library contained the following spells:

 Spells                   Type           Power      Damage    Failure   Level
 Wereblood                Tmut           7%         N/A       14%         2
 Ice Form                 Ice/Tmut       4%         N/A       82%         4

Inventory:

Jewellery
 h - an amulet of guardian spirit (around mantle)
   (You found it on level 2 of the Dungeon)
Scrolls
 b - 3 scrolls of torment {unknown}
 d - 3 scrolls of identify {unknown}
 e - a scroll of holy word {unknown}
 f - 2 scrolls of teleportation {unknown}
 g - a scroll of amnesia {unknown}
 i - a scroll of enchant weapon {unknown}
 j - a scroll of blinking {unknown}
Potions
 a - 2 potions of cancellation {unknown}
 c - a potion of mutation {unknown}
 k - a potion of haste {unknown}
 l - 2 potions of degeneration {unknown}

Dungeon Overview and Level Annotations

Branches:
Dungeon (3/15)

Altars:

Annotations:
D:3 Ijyb

#.# #.#..## #.# #.# #.#...
#.. #^# #.#..# ####
#.###.#..# #...#.#..#
###.#.#.##### #####+####
#.#.......###........#
#.###.÷...g†.........#
#........@###........###..
#.........# #.............
##....#...# ######....!...
####### #....#...###
#........ ......#
#######....# #......<.
#####.# #####....#
#........ ....#.#
#...'....# #......##
###.#.# #####....#
######## #.#.# #.####


You could see Ijyb.


Message History

You kill the ball python!
No target in view!
No target in view!
No target in view!
No target in view!
No target in view!
No target in view!
No target in view!
No target in view!
Found a stone staircase leading down.
Your tentacle spike disappears.
MP[+1]
Your mp is fully restored (7).
There is a stone staircase leading down here.
You open the door.
There is an open door here.
A hobgoblin comes into view.
One of your tentacles grows a vicious spike.
MP[-1]
You lost 1 mp, and now have 6/7 mp.
A giant cockroach comes into view.
The hobgoblin shouts!
Found a stone staircase leading up.
A quokka comes into view.
Ijyb the Twisted Goblin comes into view.
She is wielding a +0 club, wearing a +1 chain mail of fire resistance and carrying a wand of flame (13).
The giant cockroach waves its antennae.
Your transformation is almost over.
There is an open door here.
MP[+1]
Your mp is fully restored (7).
You completely miss the giant cockroach.
You grab the giant cockroach. You squeeze the giant cockroach.
You kill the giant cockroach!
The hobgoblin completely misses you.
There is an open door here.
You tentacle-slap the hobgoblin. Your grab misses the hobgoblin.
You pierce the hobgoblin.
You kill the hobgoblin!
You see here a hobgoblin corpse.
Your tentacle spike disappears.
You tentacle-slap the quokka but do no damage.
Your grab misses the quokka. Your squeeze misses the quokka.
The quokka bites you but does no damage.
You tentacle-slap the quokka. Your grab misses the quokka.
The quokka bites you.
HP[-3] MP[-1]
You take 3 damage, and now have 26/29 hp.
You lost 1 mp, and now have 6/7 mp.
You miss the quokka. Your grab misses the quokka. The quokka bites you.
HP[-2] MP[-1]
You take 2 damage, and now have 24/29 hp.
You lost 1 mp, and now have 5/7 mp.
You closely miss the quokka. You grab the quokka.
Your squeeze misses the quokka. You constrict the quokka.
The quokka misses you.
You tentacle-slap the quokka.
You kill the quokka!
Ijyb zaps a wand.
The puff of flame hits you.
HP[-3] MP[-1]
You take 3 damage, and now have 21/29 hp.
You lost 1 mp, and now have 4/7 mp.
HP[+1] Ijyb screams, "You nasty!
Big nasty!"
You see here a hobgoblin corpse.
MP[+1]
There is an open door here.
You start resting.
Ijyb is nearby!
HP[+1] Ijyb zaps a wand.
The puff of flame hits you.
HP[-5] MP[-1]
You take 5 damage, and now have 18/29 hp.
You lost 1 mp, and now have 4/7 mp.
You tentacle-slap Ijyb but do no damage.
You grab Ijyb. You constrict Ijyb, but do no damage. Ijyb closely misses you.
You tentacle-slap Ijyb but do no damage.
You constrict Ijyb, but do no damage. Ijyb misses you.
MP[+1]
You tentacle-slap Ijyb. You constrict Ijyb, but do no damage.
Ijyb zaps a wand.
The puff of flame hits you!
* * * LOW HITPOINT WARNING * * *
HP[-6] MP[-2]
You take 6 damage, and now have 12/29 hp.
MASSIVE DAMAGE!! (PAUSE)
You lost 2 mp, and now have 3/7 mp.
You tentacle-slap Ijyb but do no damage.
You squeeze Ijyb, but do no damage. You constrict Ijyb, but do no damage.
Ijyb zaps a wand.
The puff of flame hits you!
* * * LOW HITPOINT WARNING * * *
HP[-9] MP[-3]
You take 9 damage, and now have 3/29 hp.
MASSIVE DAMAGE!! (PAUSE)
You lost 3 mp, and now have 0/7 mp.
You tentacle-slap Ijyb. You constrict Ijyb, but do no damage.
Ijyb hits you with a +0 club.
You die...

Skill      XL: |  1  2  3  4 |
---------------+-------------+-----
Stealth        | 1 2 |  2.4
Fighting       | 2 |  2.1
Unarmed Combat | 4 |  4.1
Dodging        | |  2.8
Spellcasting   | |  2.0
Transmutations | |  2.0

Action                   |  1- 3 |  4- 6 || total
-------------------------+-------+-------++-------
Melee: Unarmed           |    87 |    55 ||   142
       Constrict         |    18 |    14 ||    32
       Kick              |    19 |     6 ||    25
       Tentacles         |    12 |    11 ||    23
       Punch             |     1 |       ||     1
 Cast: Beastly Appendage |    26 |    15 ||    41
 Stab: Sleeping          |     7 |     8 ||    15
Armor: Skin              |     2 |     4 ||     6
Dodge: Dodged            |    40 |    20 ||    60

Levels and vault maps discovered:
D:1:      eino_arrival_cavern_b, layout_rooms,
          ebering_ecumenical_altar_abandoned
D:2:      layout_loops_ring, hangedman_decor_lopped, minmay_misc_feat_x,
          minmay_lizard_king
D:3:      layout_basic, uniq_ijyb

Notes
Turn   | Place    | Note
-------+----------+-------------------------------------------
     0 | D:1      | zeratav the Octopode Transmuter began the quest for the
                  | Orb.
     0 | D:1      | Reached XP level 1. HP: 13/13 MP: 3/3
     0 | D:1      | magus.rc [v1.9.6]
   175 | D:1      | Reached XP level 2. HP: 9/18 MP: 3/5
   178 | D:1      | HP: 4/18 [frozen (4)]
   426 | D:1      | Found a faded altar of an unknown god.
   446 | D:1      | Reached skill level 1 in Stealth
   590 | D:1      | Reached XP level 3. HP: 23/23 MP: 4/6
  1656 | D:2      | Reached skill level 2 in Stealth
  1656 | D:2      | Reached XP level 4. HP: 28/29 MP: 7/7
  2252 | D:3      | Reached skill level 2 in Fighting
  2323 | D:3      | Reached skill level 4 in Unarmed Combat
  2464 | D:3      | Learned a level 3 spell: Spider Form
  2726 | D:3      | Noticed Ijyb
  2769 | D:3      | HP: 3/29 [Ijyb/puff of flame (9)]
  2770 | D:3      | Slain by Ijyb

Vanquished Creatures
  2 adders (D:3)
  A gnoll (D:1)
  A dart slug (D:1)
  9 ball pythons
  4 bats
  10 endoplasms
  6 giant cockroaches
  5 goblins
  6 hobgoblins
  3 jackals (D:1)
  2 kobolds
  5 quokkas
  9 frilled lizards
  4 rats
67 creatures vanquished.

Vanquished Creatures (others)
  A plant (D:2)
1 creature vanquished.

Grand Total: 68 creatures vanquished

Table legend:
 A = Non-vault XP
 B = Vault XP
 C = Vault XP percentage of total XP
 D = Non-vault monster count
 E = Vault monster count
 F = Vault count percentage of total count
                 A         B        C        D         E       F
            +---------+---------+-------+---------+---------+-------
      Total |     146 |       6 |   3.9 |      61 |       6 |   9.0
            +---------+---------+-------+---------+---------+-------
        D:1 |      57 |       0 |   0.0 |      23 |       0 |   0.0
        D:2 |      42 |       6 |  12.5 |      25 |       6 |  19.4
        D:3 |      47 |       0 |   0.0 |      13 |       0 |   0.0
            +---------+---------+-------+---------+---------+-------

Illustrated notes

Table legend:
 A = Kills in this place as a percentage of kills in entire the game.
 B = Kills by you in this place as a percentage of kills by you in the entire game.
 C = Kills by friends in this place as a percentage of kills by friends in the entire game.
 D = Other kills in this place as a percentage of other kills in the entire game.
 E = Experience gained in this place as a percentage of experience gained in the entire game.
 F = Experience gained in this place divided by the number of levels of this place that you have seen.
                   A       B       C       D       E      F
               +-------+-------+-------+-------+-------+----------------------
         Total | 100.0 | 100.0 |   N/A |   N/A | 100.0 |  50.7
       Dungeon | 100.0 | 100.0 |   N/A |   N/A | 100.0 |  50.7
               +-------+-------+-------+-------+-------+----------------------

Table legend: (Time is in decaauts)
 A = Elapsed time spent in this place.
 B = Non-inter-level travel time spent in this place.
 C = Inter-level travel time spent in this place.
 D = Time resting spent in this place.
 E = Time spent auto-exploring this place.
 F = Levels seen in this place.
 G = Mean time per level.
                   A        B        C        D        E       F      G
               +--------+--------+--------+--------+--------+-----+--------+
         Total |   2759 |   2720 |     39 |      5 |   2242 |   3 |  919.7 |
       Dungeon |   2759 |   2720 |     39 |      5 |   2242 |   3 |  919.7 |
               +--------+--------+--------+--------+--------+-----+--------+

Top non-repeatable levels by time:
     D:2: 1145 daAuts
     D:1: 1066 daAuts
     D:3: 547 daAuts
